 Dungeon Crawl Stone Soup version 0.27-a0-141-g0b64aa269c (webtiles) character file.

Game seed: 272468532502788208

531 Graywind the Grave Robber (level 7, -5/61 HPs)
             Began as an Ogre Necromancer on Jan 26, 2021.
             Was an Initiate of Sif Muna.
             Slain by a hornet zombie (11 damage)
             ... on level 5 of the Dungeon.
             The game lasted 00:23:50 (2953 turns).

Graywind the Grave Robber (Ogre Necromancer)        Turns: 2953, Time: 00:23:50

Health: -5/61      AC:  4    Str: 13    XL:     7   Next: 24%
Magic:  15/15      EV: 14    Int: 18    God:    Sif Muna [......]
Gold:   123        SH:  0    Dex:  9    Spells: 9/17 levels left

rFire    . . .     SeeInvis .   k - +0 mace
rCold    . . .     Faith    .   (no shield)
rNeg     . . .     Spirit   .   h - +0 robe (curse)
rPois    .         Reflect  .   (helmet restricted)
rElec    .         Harm     .   d - +0 cloak
rCorr    .         Rampage  .   (gloves unavailable)
Will     .....                  (boots unavailable)
Stlth    ++........             (no amulet)
HPRegen  0.20/turn              b - +4 ring of evasion
MPRegen  0.14/turn              (no ring)

@: mighty
A: large, unfitting armour, tough skin 1
a: Renounce Religion


You were on level 5 of the Dungeon.
You worshipped Sif Muna.
Sif Muna was noncommittal.
You visited 1 branch of the dungeon, and saw 5 of its levels.

You collected 123 gold pieces.

Inventory:

Hand Weapons
 c - the +3 sling "Punk" {acid, rCorr}
   (You found it on level 5 of the Dungeon)

   It provides partial protection from all sources of acid and corrosion.
 k - a +0 mace (weapon)
Missiles
 g - 44 bolts
Armour
 d - a +0 cloak (worn)
 h - a cursed +0 robe (worn)
Jewellery
 b - a +4 ring of evasion (left hand)
Wands
 j - a wand of iceblast (10)
Scrolls
 e - 7 scrolls of identify
 f - 2 scrolls of remove curse
Potions
 a - 2 potions of curing


   Skills:
 + Level 0.9 Fighting
 + Level 0.2 Maces & Flails
 + Level 2.4 Dodging
 + Level 1.8 Stealth
 + Level 1.1 Unarmed Combat
 + Level 5.6 Spellcasting
 + Level 5.7 Necromancy


You had 9 spell levels left.
You knew the following spells:

 Your Spells              Type           Power        Failure   Level
a - Pain                  Necr           100%         1%          1
c - Vampiric Draining     Necr           12%          3%          3
d - Animate Dead          Necr           12%          12%         4

Your spell library contained the following spells:

 Spells                   Type           Power        Failure   Level
 Animate Skeleton         Necr           50%          1%          1
 Agony                    Necr           25%          32%         5


Dungeon Overview and Level Annotations

Branches:
Dungeon (5/15)
 Temple: D:4-7

Altars:
Elyvilon
Sif Muna
Vehumet


Innate Abilities, Weirdness & Mutations

You are too large for most types of armour.
You have tough skin. (AC +1)


Message History

The hornet zombie hits you. x2
You hit the hornet zombie.
The hornet zombie is moderately damaged.
The hornet zombie hits you.
* * * LOW HITPOINT WARNING * * *
The hornet zombie hits you.
* * * LOW HITPOINT WARNING * * *
You feel very mighty all of a sudden. The hornet zombie barely misses you.
You sock the hornet zombie!
The hornet zombie is heavily damaged.
The hornet zombie hits you!
* * * LOW HITPOINT WARNING * * *
The hornet zombie closely misses you.
You hit the hornet zombie.
The hornet zombie is severely damaged.
The hornet zombie hits you.
* * * LOW HITPOINT WARNING * * *
The hornet zombie hits you!
You die...

###########
#.........#
#.#######.#
#.# #.# #.#
#.##### #.#
#.#... #.#
#.#.###.# #.#
#@Z....$# #.#
######.#####.
#.#
#............
#.#
#.##.########
# #.# #.##.#
#.#.####.##.#
#........##.#
###.#######.#
#.# #..


You could see a hornet zombie.

Vanquished Creatures
  An ice beast (D:5)
  2 centaurs (D:5)
  A howler monkey (D:4)
  A centaur skeleton (D:4)
  A hound (D:5)
  A bullfrog skeleton (D:5)
  An orc wizard (D:5)
  2 iguanas (D:4)
  2 adders (D:4)
  An ooze (D:1)
  A worm (D:3)
  A dart slug (D:2)
  2 leopard geckos (D:1)
  3 orcs (D:5)
  6 giant cockroaches
  2 goblins (D:1)
  4 hobgoblins
  3 jackals (D:1)
  5 kobolds
  2 quokkas
  4 bats (D:1)
  4 frilled lizards
  6 rats
56 creatures vanquished.

Notes
Turn   | Place    | Note
-------+----------+-------------------------------------------
     0 | D:1      | Graywind the Ogre Necromancer began the quest for the Orb.
     0 | D:1      | Reached XP level 1. HP: 16/16 MP: 3/3
     2 | D:1      | Learned a level 1 spell: Animate Skeleton
   237 | D:1      | Reached XP level 2. HP: 16/24 MP: 0/5
   648 | D:1      | Reached XP level 3. HP: 15/31 MP: 5/7
  1264 | D:2      | Found a shimmering blue altar of Sif Muna.
  1270 | D:2      | Became a worshipper of Sif Muna the Loreminder
  1292 | D:2      | Learned a level 3 spell: Vampiric Draining
  1323 | D:2      | Found a white marble altar of Elyvilon.
  1611 | D:4      | Reached XP level 4. HP: 24/39 MP: 0/9
  1616 | D:4      | Learned a level 4 spell: Animate Dead
  1986 | D:4      | Reached XP level 5. HP: 29/46 MP: 0/10
  2180 | D:5      | Entered Level 5 of the Dungeon
  2180 | D:5      | Noticed a centaur
  2348 | D:5      | Killed a centaur
  2349 | D:5      | Reached skill level 1 in Unarmed Combat
  2349 | D:5      | Reached skill level 5 in Necromancy
  2349 | D:5      | Reached XP level 6. HP: 27/54 MP: 1/13
  2447 | D:5      | Noticed an ice beast
  2462 | D:5      | Noticed a phantom
  2554 | D:4      | Found a radiant altar of Vehumet.
  2582 | D:5      | Found the +3 sling "Punk" {acid, rCorr}
  2637 | D:5      | Reached skill level 5 in Spellcasting
  2819 | D:5      | Noticed an ice beast
  2828 | D:5      | Killed an ice beast
  2829 | D:5      | Reached XP level 7. HP: 33/61 MP: 3/15
  2953 | D:5      | Slain by a hornet zombie

Illustrated notes

Levels and vault maps discovered:
D:1:      wheals_arrival_linesprint, layout_loops_ring, minmay_tiny_reverse_x
D:2:      mumra_celtic_spiral_tile, layout_rooms, led_sif_pool,
          lemuel_doored_altar, nicolae_overflow_hidden_temple,
          hangedman_decor_clover_reticule, grunt_ministairs_2
D:3:      layout_loops_ring, marbit_many_paths
D:4:      layout_loops_corners, nzn_hepliaklqana_mist_gate, kennysheep_mini,
          nzn_wu_jian_council_hall, temple_statues
D:5:      layout_loops_ring, overflow_temple_1_default, serial_shops,
          nicolae_shop_trees

Skill      XL: |  1  2  3  4  5  6 |
---------------+-------------------+-----
Necromancy     | 4 5 |  5.7
Spellcasting   | 3 4 5 |  5.6
Dodging        | 2 |  2.4
Unarmed Combat | 1 |  1.1
Fighting       | |  0.9
Maces & Flails | |  0.2
Stealth        | |  1.8

Action                   |  1- 3 |  4- 6 |  7- 9 || total
-------------------------+-------+-------+-------++-------
Melee: Unarmed           |   136 |    25 |       ||   161
       Mace              |       |    30 |    16 ||    46
       Punch             |       |     1 |       ||     1
 Cast: Pain              |    54 |    23 |     5 ||    82
       Animate Skeleton  |     9 |       |       ||     9
       Vampiric Draining |       |    14 |       ||    14
       Animate Dead      |       |     3 |       ||     3
  Use: Potion            |     4 |       |     1 ||     5
       Scroll            |     2 |     1 |     2 ||     5
 Stab: Sleeping          |     4 |       |       ||     4
Armor: Robe              |    36 |    17 |     2 ||    55
Dodge: Dodged            |   122 |    46 |    21 ||   189

Table legend: (Time is in decaauts)
 A = Elapsed time spent in this place.
 B = Non-inter-level travel time spent in this place.
 C = Inter-level travel time spent in this place.
 D = Time resting spent in this place.
 E = Time spent auto-exploring this place.
 F = Levels seen in this place.
 G = Mean time per level.
                   A        B        C        D        E       F      G
               +--------+--------+--------+--------+--------+-----+--------+
         Total |   2971 |   2971 |      0 |   1008 |      0 |   5 |  594.2 |
       Dungeon |   2971 |   2971 |      0 |   1008 |      0 |   5 |  594.2 |
               +--------+--------+--------+--------+--------+-----+--------+

Top non-repeatable levels by time:
     D:1: 1079 daAuts
     D:4: 862 daAuts
     D:5: 532 daAuts
     D:2: 273 daAuts
     D:3: 223 daAuts
